 Dungeon Crawl Stone Soup version 0.28.0-45-g0d030f2227 (webtiles) character file.

Game seed: 1816599722234865189

301 Zeor the Twirler (level 6, -1/37 HPs)
             Began as a Gargoyle Gladiator on Apr 9, 2022.
             Was an Initiate of Wu Jian.
             Slain by an adder (3 damage)
             ... summoned by a gnoll
             ... on level 5 of the Dungeon.
             The game lasted 00:11:41 (3751 turns).

Zeor the Twirler (Gargoyle Gladiator)               Turns: 3751, Time: 00:11:42

Health: -1/37      AC: 12    Str: 20    XL:     6   Next: 37%
Magic:  6/6        EV: 11    Int:  8    God:    Wu Jian [......]
Gold:   194        SH:  0    Dex: 11    Spells: 5/5 levels left

rFire   . . .      SeeInvis .   p - +4 quarterstaff (chaos)
rCold   . . .      Faith    .   (shield currently unavailable)
rNeg    + . .      Spirit   .   i - +0 ring mail
rPois   ∞          Reflect  .   c - +0 helmet
rElec   +          Harm     .   q - +0 cloak
rCorr   +          Rampage  .   (no gloves)
Will    .....                   (no boots)
Stlth   +.........              (no amulet)
HPRegen 0.12/turn               l - ring of resist corrosion
MPRegen 0.10/turn               (no ring)

@: mighty
A: sickness immunity, AC +4, negative energy resistance 1, electricity
resistance, torment resistance 1, petrification resistance
a: Renounce Religion


You were on level 5 of the Dungeon.
You worshipped Wu Jian.
Wu Jian was noncommittal.
You visited 2 branches of the dungeon, and saw 6 of its levels.

You collected 194 gold pieces.

Inventory:

Hand Weapons
 a - a +0 quarterstaff
 p - a +4 quarterstaff of chaos (weapon)
Missiles
 d - 3 throwing nets
 e - 74 arrows
 f - 2 javelins (quivered)
 j - 3 boomerangs of dispersal
 n - 32 bolts
Armour
 c - a +0 helmet (worn)
 i - a +0 ring mail (worn)
 q - a +0 cloak (worn)
Jewellery
 l - a ring of resist corrosion (left hand)
Scrolls
 g - a scroll of teleportation
Potions
 b - a potion of berserk rage {unknown}
 h - 2 potions of heal wounds
 k - a potion of mutation
 m - a potion of cancellation
 o - a potion of brilliance {unknown}
 r - a potion of invisibility {unknown}


   Skills:
 + Level 3.4 Fighting
 * Level 5.6 Staves
 + Level 1.9 Throwing
 + Level 2.1 Armour
 + Level 2.8 Dodging
 + Level 0.2 Stealth


You had 5 spell levels left.
You didn't know any spells.
Your spell library was empty.

Dungeon Overview and Level Annotations

Branches:
Dungeon (5/15)             Temple (1/1) D:4

Altars:
Elyvilon
Makhleb
Uskayaw
Wu Jian
Xom
Zin


Innate Abilities, Weirdness & Mutations

You are immune to sickness and miasma.
Your stone body is resilient. (AC +4)
You are immune to poison.
You resist negative energy. (rN+)
You are resistant to electric shocks. (rElec)
You are resistant to unholy torment.
You are immune to petrification.


Message History

You kill the gnoll!
The Council accepts your kill.
Your Armour skill increases to level 2!
You sock the adder!
The adder is severely wounded.
The adder barely misses you. The adder misses you.
You closely miss the adder.
The adder is severely wounded.
The adder bites you but does no damage.
The orc priest looks encouraged for a moment.
You hit the adder. You burn the adder.
The adder is almost dead.
The adder misses you.
The orc priest looks satisfied for a moment.
You sock the ogre! You freeze the ogre.
The ogre is heavily wounded.
The adder closely misses you.
The ogre hits you with a +0 giant spiked club!!
Ouch! That really hurt!
* * * LOW HITPOINT WARNING * * *
The adder bites you but does no damage.
You sock the ogre! You freeze the ogre.
The ogre is almost dead.
The adder closely misses you.
You sock the ogre!
You kill the ogre!
The ogre's corpse dissolves into shadows!
The adder bites you but does no damage. The gnoll completely misses you.
You hit the orc.
The orc suddenly stops moving!
The orc is moderately wounded.
The adder barely misses you. The gnoll closely misses you.
The helpless orc fails to defend itself.
You sock the orc! You burn the orc.
You kill the orc!
The orc's corpse dissolves into shadows!
The gnoll barely misses you. The adder closely misses you.
The gnoll hits you with a +0 club.
* * * LOW HITPOINT WARNING * * *
The adder bites you.
You die... ▒▒▒▒▒ ▒▒∙∙∙∙∙ ∙∙∙∙∙∙∙

▒▒▒▒s)∙∙∙∙∙
▒▒▒▒▒∙9SgS∙∙∙∙∙
▒▒▒▒▒∙∙∙∙g▒▒∙∙∙∙∙∙∙
▒[∙∙∙∙∙∙∙∙∙∙∙∙∙∙∙∙∙
▒∙▒▒▒∙∙∙∙∙▒∙∙∙∙∙∙∙(
▒∙∙∙<∙∙∙∙∙▒∙>∙∙∙∙∙∙
▒∙▒▒†▒∙▒∙∙∙∙∙▒▒▒▒▒▒
▒∙∙∙(▒∙∙∙∙▒▒∙∙
▒∙▒▒▒▒▒▒▒▒▒ ▒▒▒ ▒▒▒


You could see a water moccasin (summoned), a gnoll shaman, a scorpion
(summoned), a gnoll (fast) and an adder (summoned).

Vanquished Creatures
  2 hounds (D:4)
  An orc priest (D:3)
  Crazy Yiuf (D:4)
  2 hound skeletons (D:4)
  2 gnolls (D:5)
  4 adders
  2 ufetubi (D:4)
  An adder skeleton (D:4)
  3 worms
  7 orcs (D:3)
  4 endoplasms
  3 giant cockroaches
  7 goblins
  7 hobgoblins
  6 kobolds
  4 quokkas
  7 ball pythons
  11 bats
  A frilled lizard (D:1)
  2 rats
77 creatures vanquished.

Notes
Turn   | Place    | Note
-------+----------+-------------------------------------------
     0 | D:1      | Zeor the Gargoyle Gladiator began the quest for the Orb.
     0 | D:1      | Reached XP level 1. HP: 12/12 MP: 1/1
   267 | D:1      | Reached XP level 2. HP: 6/17 MP: 2/2
   737 | D:1      | Reached XP level 3. HP: 20/22 MP: 3/3
  1128 | D:2      | Reached skill level 4 in Staves
  1490 | D:2      | Reached XP level 4. HP: 27/27 MP: 4/4
  2389 | D:3      | Reached XP level 5. HP: 32/32 MP: 5/5
  3006 | D:4      | Reached skill level 5 in Staves
  3061 | D:4      | Reached skill level 1 in Armour
  3064 | D:4      | Found a staircase to the Ecumenical Temple.
  3074 | Temple   | Entered the Ecumenical Temple
  3085 | Temple   | Became a worshipper of the Wu Jian Council
  3147 | D:4      | Found a shimmering altar of Xom.
  3452 | D:4      | Reached XP level 6. HP: 37/37 MP: 6/6
  3474 | D:4      | Found a runed translucent door.
  3475 | D:4      | Noticed Crazy Yiuf
  3481 | D:4      | Killed Crazy Yiuf
  3705 | D:5      | Entered Level 5 of the Dungeon
  3741 | D:5      | Noticed a water moccasin
  3751 | D:5      | Slain by an adder

Illustrated notes

Levels and vault maps discovered:
D:1:      doesnt_arrival_eight_statues, layout_basic
D:2:      layout_loops_ring
D:3:      layout_loops_ring
D:4:      layout_basic, xom_butterflies, minmay_temple_entry_slanted,
          kennysheep_generic_room_13, uniq_crazy_yiuf_cottage
D:5:      layout_basic, nemelex_dance_club_becter
Temple:   mainiacjoe_temple_coin_purse

Skill      XL: |  1  2  3  4  5  6 |
---------------+-------------------+-----
Staves         | 4 5 |  5.6
Fighting       | 3 |  3.4
Armour         | 1 2 |  2.1
Throwing       | |  1.9
Dodging        | |  2.8
Stealth        | |  0.2

Action                   |  1- 3 |  4- 6 || total
-------------------------+-------+-------++-------
Melee: Quarterstaff      |   130 |   136 ||   266
Throw: Javelin           |       |     2 ||     2
       Throwing net      |       |     1 ||     1
Invok: Lunge             |       |     8 ||     8
  Use: Scroll            |     5 |     5 ||    10
       Potion            |       |     2 ||     2
 Stab: Paralysed         |       |     1 ||     1
Armor: Leather armour    |    16 |       ||    16
       Ring mail         |    42 |    45 ||    87
Dodge: Dodged            |    95 |    73 ||   168
